 Dungeon Crawl Stone Soup version 0.28.0 (webtiles) character file.

Game seed: 14234470208614611901

41521 AmazingTV the Protected (level 13, -10/112 (117) HPs)
             Began as a Minotaur Fighter on July 8, 2022.
             Was a High Priest of Okawaru.
             Mangled by a sun demon (17 damage)
             ... led by a balrug
             ... on level 4 of the Abyss.
             The game lasted 01:32:04 (16242 turns).

AmazingTV the Protected (Minotaur Fighter)         Turns: 16242, Time: 01:32:04

HP:   -10/112 (117) AC: 29    Str: 26    XL:     13   Next: 80%
MP:   12/17         EV: 14    Int:  7    God:    Okawaru [*****.]
Gold: 1124          SH:  8    Dex: 14    Spells: 12/12 levels left

rFire   . . .      SeeInvis .   R - +3 flail (protect) {mace}
rCold   + + +      Faith    .   c - +0 buckler
rNeg    . . .      Spirit   .   u - +1 plate armour "Tetwett" {rPois Str+3 Slay+3}
rPois   +          Reflect  .   f - +2 hat
rElec   +          Harm     .   Z - +1 cloak "Sesacvu" {rElec rC+ Dex+3}
rCorr   .          Rampage  .   m - +0 pair of gloves
Will    .....                   X - +2 pair of boots {Fly}
Stlth   ..........              o - amulet "Xoblua" {+Inv rPois rC+++ Will- Regen+}
HPRegen 0.00/turn               p - +4 ring of evasion
MPRegen 0.15/turn               G - +4 ring of slaying

@: mighty, heroic, finesse-ful, sick, flying, slowed, constricted, lightly
drained, very slow
A: horns 2, retaliatory headbutt
a: Renounce Religion, Evoke Invisibility, Heroism, Finesse, Duel


You were on level 4 of the Abyss.
You worshipped Okawaru.
Okawaru was extremely pleased with you.
You visited 2 branches of the dungeon, and saw 16 of its levels.
You visited the Abyss 1 time.
You also visited: Ossuary and Gauntlet.

You collected 1124 gold pieces.


Innate Abilities, Weirdness & Mutations

You have a pair of horns on your head.
You reflexively headbutt those who attack you in melee.


   Skills:
 + Level 11.8(16.8) Fighting
 + Level 7.7(15.7) Axes
 + Level 11.7(17.6) Maces & Flails
 + Level 7.5(13.7) Slings
 - Level 6.0(12.5) Throwing
 + Level 12.1(17.1) Armour
 + Level 8.0(13.0) Dodging
 + Level 12.0(17.0) Shields
 + Level 7.3 Invocations


You had 12 spell levels left.
You didn't know any spells.
Your spell library contained the following spells:

 Spells                   Type           Power      Damage    Failure   Level
 Sandblast                Erth           0%         2d4       97%         1
 Corpse Rot               Necr/Air       0%         N/A       99%         2
 Ensorcelled Hibernation  Hex/Ice        0%         N/A       99%         2
 Passwall                 Tmut/Erth      0%         N/A       99%         2
 Frozen Ramparts          Ice            0%         1d2       100%        3
 Gell's Gravitas          Tloc           0%         N/A       100%        3
 Lesser Beckoning         Tloc           0%         N/A       100%        3
 Ozocubu's Armour         Ice            0%         N/A       100%        3
 Spider Form              Tmut/Pois      0%         N/A       100%        3
 Stone Arrow              Conj/Erth      0%         3d7       100%        3
 Teleport Other           Tloc           0%         N/A       100%        3
 Anguish                  Hex/Necr       0%         N/A       100%        4
 Dispel Undead            Necr           0%         3d6       100%        4
 Ice Form                 Ice/Tmut       0%         N/A       100%        4
 Leda's Liquefaction      Hex/Erth       0%         N/A       100%        4
 Passage of Golubria      Tloc           0%         N/A       100%        4
 Lee's Rapid Deconstruct  Erth           0%         3d5*      100%        5
 Metabolic Englaciation   Hex/Ice        0%         N/A       100%        5
 Silence                  Hex/Air        0%         N/A       100%        5
 Dispersal                Tloc           0%         N/A       100%        6
 Statue Form              Tmut/Erth      0%         N/A       100%        6
 Disjunction              Tloc           0%         N/A       100%        8
 Lehudib's Crystal Spear  Conj/Erth      0%         10d2      100%        8
 Animate Dead             Necr           Unusable   N/A       N/A         4
 Summon Ice Beast         Ice/Summ       Unusable   N/A       N/A         4
 Summon Mana Viper        Hex/Summ       Unusable   N/A       N/A         5
 Death Channel            Necr           Unusable   N/A       N/A         6
 Simulacrum               Ice/Necr       Unusable   N/A       N/A         6
 Haunt                    Necr/Summ      Unusable   N/A       N/A         7
 Monstrous Menagerie      Summ           Unusable   N/A       N/A         7
 Infestation              Necr           Unusable   N/A       N/A         8

Inventory:

Hand Weapons
 a - a +6 vampiric demon whip {mace}
   (Okawaru gifted it to you on level 13 of the Dungeon)
 b - a +7 hunting sling of flaming {sling}
   (Okawaru gifted it to you on level 11 of the Dungeon)
 h - a +3 war axe of freezing {axe}
   (You took it off an orc on level 9 of the Dungeon)
 q - a +3 vorpal war axe {axe}
   (You took it off a meliai on level 15 of the Dungeon)
 L - a +3 morningstar {mace}
   (You took it off a wight on level 6 of the Dungeon)
 R - a +3 flail of protection (weapon) {mace}
   (You took it off Edmund on level 4 of the Dungeon)
Missiles
 e - 584 stones
 r - 8 boomerangs
 t - 118 sling bullets
 w - 250 arrows
 y - 2 boomerangs of dispersal {=f!f}
 B - 4 atropa-tipped darts (quivered)
 D - 5 curare-tipped darts {=f}
 J - 21 poisoned darts
 V - 9 javelins
Armour
 c - a +0 buckler (worn)
 f - a +2 hat (worn)
   (You found it in a Gauntlet)
 m - a +0 pair of gloves (worn)
   (You found it on level 9 of the Dungeon)
 u - the +1 plate armour "Tetwett" (worn) {rPois Str+3 Slay+3}
   (Okawaru gifted it to you on level 14 of the Dungeon)

   Str:       It affects your strength (+3).
   Slay:      It affects your accuracy & damage with ranged weapons and melee
   (+3).
   rPois:     It protects you from poison.
 H - a +2 ring mail of poison resistance
   (You found it on level 5 of the Dungeon)
 X - a +2 pair of boots of flying (worn)
   (You found it in a Gauntlet)
 Z - the +1 cloak "Sesacvu" (worn) {rElec rC+ Dex+3}
   (You found it on level 8 of the Dungeon)

   Dex:       It affects your dexterity (+3).
   rC:        It protects you from cold.
   rElec:     It insulates you from electricity.
Jewellery
 l - a ring of protection from cold
   (You found it on level 15 of the Dungeon)
 o - the amulet "Xoblua" (around neck) {+Inv rPois rC+++ Will- Regen+}
   (You found it in a Gauntlet)

   [amulet of regeneration]

   rC:        It renders you almost immune to cold.
   rPois:     It protects you from poison.
   +Inv:      It lets you turn invisible.
   Regen:     It increases your rate of health regeneration.
   Will:      It decreases your willpower.
 p - a +4 ring of evasion (left hand)
   (You found it on level 3 of the Dungeon)
 x - an amulet of regeneration
   (You found it on level 4 of the Dungeon)
 G - a +4 ring of slaying (right hand)
   (You took it off a minotaur in a Gauntlet)
Wands
 k - a wand of flame (8)
   (You found it on level 14 of the Dungeon)
 v - a wand of paralysis (21)
   (You found it on level 4 of the Dungeon)
 z - a wand of polymorph (4)
   (You found it on level 10 of the Dungeon)
 F - a wand of iceblast (20)
   (You found it on level 5 of the Dungeon)
 O - a wand of mindburst (6)
   (You found it on level 11 of the Dungeon)
Scrolls
 n - 2 scrolls of fog {unknown}
 A - 4 scrolls of magic mapping {!r}
 E - 8 scrolls of teleportation {@r4}
 I - a scroll of enchant armour {unknown}
 P - 3 scrolls of amnesia
 T - a scroll of blinking {unknown}
 U - a scroll of summoning {unknown}
 Y - 2 scrolls of fear {unknown}
Potions
 d - a potion of might
 g - 3 potions of magic
 i - 4 potions of mutation {!q}
 j - a potion of haste {@q3}
 s - 9 potions of curing {@q1}
 C - a potion of cancellation
 M - a potion of invisibility {unknown}
 S - a potion of ambrosia {unknown}

Dungeon Overview and Level Annotations

Branches:
Dungeon (15/15)            Temple (1/1) D:4            Lair (0/6) D:10
    Orc (0/2) D:12         Vaults (0/5) D:13         Depths (0/4) D:15
Ossuary (visited)         Gauntlet (visited)

Altars:
Ashenzari
Cheibriados
Dithmenos
Elyvilon
Fedhas
Gozag
Hepliaklqana
Kikubaaqudgha
Makhleb
Nemelex Xobeh
Okawaru
Qazlal
Ru
Sif Muna
Trog
Uskayaw
Vehumet
Wu Jian
Xom
Yredelemnul
Zin
The Shining One
Beogh

Shops:
D:7 *

Annotations:
D:15 Louise

. ### ...#.# ###.
..#≈.#.. #.#.#.#≈≈≈.. .
###.#.#≈.≈≈≈## #
.#..#.#≈.≈.≈..#..
##.#*..≈.≈≈23..≈.#
.#..≈.≈333..≈.≈. .w
.....≈W@w≈≈..# . . #
#...#.wxXs§≈## ..
.###..###3VX...... .X#
#..###hhh.h≈§..### #.#
###h.h..X#x≈...# ....
h#.##.#.##..#.#..
###...h.#.x..###.....>..
.#.. #..#..#....#.#..
...# ...#..#####..##


You could see a tentacled starspawn, a balrug, a wretched star, a demonic
crawler, 4 sun demons, an ancient zyme, 2 large abominations, a sixfirhy, 2
raiju, a wraith, a small abomination and 2 starspawn tentacles.


Message History

You regained 2 hp, and now have 88/112 hp.
You bludgeon the sixfirhy!! The sixfirhy misses you. x2
A tentacle flies out from the starspawn's body!
A starspawn tentacle comes into view. 😕 HP[+1] MP[+1]
Your mp is fully restored (17).
The demonic crawler shrieks in warning!
The starspawn tentacle grabs you. The starspawn tentacle constricts you.
A tentacle flies out from the starspawn's body!
A starspawn tentacle comes into view. 😕 HP[-1]
You take 1 damage, and now have 88/112 hp.
You escape the starspawn tentacle's grasp.
Found a gateway leading out of the Abyss.
The sixfirhy hits you but does no damage.
The sixfirhy barely misses you. You furiously retaliate!
You headbutt the sixfirhy! The sixfirhy hits you! The sixfirhy shocks you.
You resist.
You feel ill.
The sixfirhy hits you but does no damage.
The starspawn tentacle closely misses you.
You furiously retaliate!
You headbutt the starspawn tentacle! The ancient zyme completely misses you.
The ancient zyme misses you. 😮 HP[-9]
You take 9 damage, and now have 79/112 hp.
The sixfirhy hits you but does no damage.
The sixfirhy hits you. The sixfirhy shocks you. You resist.
The sixfirhy closely misses you. You furiously retaliate!
You headbutt the sixfirhy!
The starspawn tentacle misses you. 😮 HP[-4]
You take 4 damage, and now have 75/112 hp.
A large abomination comes into view.
Found a gateway leading deeper into the Abyss.
The demonic crawler shrieks in warning!
You block the starspawn tentacle's attack.
A small abomination comes into view.
The ancient zyme barely misses you. x2 2 sun demons come into view.
The sun demon shouts! x2; You hear a shout!
The starspawn tentacle barely misses you.
The starspawn tentacle grabs you. The starspawn tentacle constricts you.
You escape the starspawn tentacle's grasp.
A balrug comes into view. It is wielding a +0 demon whip.
The balrug shouts!
You feel ill.
A wraith comes into view.
A sun demon comes into view.
The demonic crawler shrieks in warning!
The starspawn tentacle grabs you. The starspawn tentacle constricts you.
The ancient zyme hits you!
The ancient zyme hits you but does no damage.
You hear a shout! 😮 HP[-9]
You take 9 damage, and now have 66/112 hp.
The starspawn tentacle's grasp on you weakens, but your attempt to escape fails.
The sun demon shouts!
You hear a shout!
The starspawn tentacle constricts you. You block the ancient zyme's attack. x2
A sun demon comes into view.
You barely miss the sun demon.
You headbutt the sun demon, but do no damage.
The sun demon closely misses you. The starspawn tentacle constricts you.
The ancient zyme hits you but does no damage. x2
You feel ill.
The tentacled starspawn barely misses you.
You furiously retaliate!
You headbutt the tentacled starspawn!
The tentacled starspawn tentacle-slaps you but does no damage.
The demonic crawler shrieks in warning!
You hear a roar!
You can now deal lightning-fast blows.
You block the sun demon's attack. The starspawn tentacle constricts you.
You block the ancient zyme's attack. The ancient zyme misses you.
A tentacle flies out from the starspawn's body!
The sun demon hits you but does no damage.
The starspawn tentacle constricts you. The ancient zyme barely misses you.
You furiously retaliate!
You headbutt the ancient zyme.
The ancient zyme hits you but does no damage.
A wretched star comes into view.
A starspawn tentacle comes into view. 😮 MP[-5]
You lost 5 mp, and now have 12/17 mp.
You feel very mighty all of a sudden. The balrug gestures at you.
Something smites you!
* * * LOW HITPOINT WARNING * * *
You block the sun demon's attack. The sun demon closely misses you.
The tentacled starspawn bites you but does no damage.
The tentacled starspawn tentacle-slaps you but does no damage.
The starspawn tentacle constricts you.
The ancient zyme hits you but does no damage.
The ancient zyme misses you. The sun demon hits you!!
* * * LOW HITPOINT WARNING * * *
You are engulfed in flames!
* * * LOW HITPOINT WARNING * * *
The sun demon hits you but does no damage.
The tentacled starspawn bites you but does no damage.
The tentacled starspawn tentacle-slaps you but does no damage.
The sun demon hits you!
* * * LOW HITPOINT WARNING * * *
You are engulfed in flames!
You die...

Skill      XL: |  1  2  3  4  5  6  7  8  9 10 11 12 13 |
---------------+----------------------------------------+-----
Throwing       | 1 2 3 5 6 |  6.0
Armour         | 4 5 6 7 8 9 10 11 12 | 12.1
Fighting       | 4 5 6 7 8 9 10 11 | 11.8
Shields        | 4 5 6 7 8 9 10 11 12 | 12.0
Maces & Flails | 3 4 5 6 8 9 10 11 | 11.7
Dodging        | 1 3 5 6 8 |  8.0
Invocations    | 1 3 5 6 7 |  7.3
Slings         | 2 5 6 7 |  7.5
Axes           | 1 4 6 7 |  7.7

Action                   |  1- 3 |  4- 6 |  7- 9 | 10-12 | 13-15 || total
-------------------------+-------+-------+-------+-------+-------++-------
Melee: Flail             |    76 |   157 |   323 |   473 |    48 ||  1077
       Headbutt          |     5 |    28 |    85 |   199 |    76 ||   393
       Unarmed           |       |     2 |       |       |       ||     2
       Mace              |       |       |    70 |   145 |       ||   215
       War axe           |       |       |       |   123 |    31 ||   154
       Demon whip        |       |       |       |    59 |   182 ||   241
 Fire: Hunting sling     |       |       |       |    57 |    20 ||    77
Throw: Dart              |       |     4 |     6 |    12 |     7 ||    29
       Boomerang         |       |       |     2 |     2 |       ||     4
       Stone             |       |       |     2 |       |       ||     2
       Throwing net      |       |       |     2 |       |       ||     2
       Javelin           |       |       |       |     2 |       ||     2
Invok: Heroism           |       |       |     1 |    10 |     4 ||    15
       Finesse           |       |       |       |     7 |     3 ||    10
  Use: Scroll            |       |       |       |    18 |     8 ||    26
       Potion            |       |       |       |     4 |     1 ||     5
Armor: Scale mail        |    38 |    56 |    11 |       |       ||   105
       Skin              |     9 |       |       |       |       ||     9
       Ring mail         |       |       |    76 |   331 |    21 ||   428
       Plate armour      |       |       |       |       |   105 ||   105
Dodge: Dodged            |    41 |    84 |   193 |   465 |   145 ||   928
Block: Buckler           |    15 |    26 |    73 |   250 |    66 ||   430

Levels and vault maps discovered:
D:1:      ebering_hopf_link, layout_loops_ring,
          dilly_ecumenical_altar_fadedgnrine
D:2:      layout_rooms, uniq_natasha, uniq_sigmund
D:3:      layout_basic, mainiacjoe_overflow_cross_hatched, grunt_decor_fettered,
          minmay_divided_ellipse
D:4:      layout_loops_cross, temple_doors_e, serial_rivers,
          chequers_serial_rivers_marsh, chequers_serial_rivers_marsh,
          chequers_serial_rivers_room_b, chequers_serial_rivers_micro_e,
          chequers_serial_rivers_small_a, chequers_serial_rivers_large_a
D:5:      layout_loops_ring, nicolae_qazlal_general_emergency, uniq_edmund,
          uniq_grinder, uniq_blork_the_orc
D:6:      layout_loops_ring, nicolae_ossuary_entry_catacombs
D:7:      layout_loops_ring, minitemple, serial_bayou_lagoon_a,
          nicolae_shop_overcharged_wands
D:8:      layout_loops_ring
D:9:      layout_long_grid, led_sif_book, mainiacjoe_overflow_two_lobes,
          minmay_variable_closet, water_boxes_lemuel
D:10:     layout_roguey [special_room_orc], kennysheep_slug_shrine,
          lair_entry_dummy, serial_bayou_pond_c, uniq_erolcha, uniq_grum
D:11:     layout_irregular_city, uniq_sonja
D:12:     layout_gridville, orc_0_dummy
D:13:     layout_basic, david_vaults_1
D:14:     layout_loops_cross, serial_rivers, chequers_serial_rivers_micro_b,
          chequers_serial_rivers_micro_d, chequers_serial_rivers_micro_c,
          chequers_serial_rivers_micro_a, chequers_serial_rivers_micro_a,
          chequers_serial_rivers_micro_d, gauntlet_entry_generic,
          wad_floor_pattern_2, fedhas_altar_1
D:15:     gammafunk_depths_entry_grave, layout_loops_ring, uniq_louise
Temple:   jpeg_temple_clearing
Abyss:4:  base: D:3, evilmike_abyss_rune_ettins, evilmike_abyss_exit_3

Notes
Turn   | Place    | Note
-------+----------+-------------------------------------------
     0 | D:1      | AmazingTV the Minotaur Fighter began the quest for the Orb.
     0 | D:1      | Reached XP level 1. HP: 19/19 MP: 0/0
     0 | D:1      | magus.rc [v1.9.6]
    60 | D:1      | You pick up a book of Death and begin reading...
    60 | D:1      | You add the spells Animate Dead, Haunt and Infestation to
                  | your library.
   128 | D:1      | Reached XP level 2. HP: 27/27 MP: 1/1
   614 | D:1      | Found a faded altar of an unknown god.
   770 | D:2      | Reached skill level 1 in Throwing
   770 | D:2      | Reached skill level 4 in Armour
   774 | D:2      | Reached XP level 3. HP: 33/33 MP: 2/2
   992 | D:2      | Reached skill level 4 in Fighting
   995 | D:2      | Reached skill level 4 in Shields
  1088 | D:2      | Reached skill level 3 in Maces & Flails
  1100 | D:2      | Noticed Natasha
  1115 | D:2      | Killed Natasha
  1116 | D:2      | Reached XP level 4. HP: 40/40 MP: 3/3
  1171 | D:2      | Noticed Natasha
  1177 | D:2      | Killed Natasha
  1248 | D:2      | Noticed Natasha
  1386 | D:2      | Killed Natasha
  1682 | D:2      | Reached XP level 5. HP: 47/47 MP: 4/4
  1705 | D:2      | Noticed Sigmund
  1747 | D:2      | Killed Sigmund
  1748 | D:2      | Reached skill level 4 in Maces & Flails
  1748 | D:2      | Reached skill level 2 in Throwing
  1748 | D:2      | Reached XP level 6. HP: 27/55 MP: 5/5
  1930 | D:2      | You fall into a shaft and drop 1 floor!
  2081 | D:3      | Reached skill level 5 in Fighting
  2285 | D:3      | Reached skill level 5 in Armour
  2285 | D:3      | Reached skill level 5 in Shields
  2467 | D:3      | Reached skill level 3 in Throwing
  2535 | D:3      | Found an ornate altar of the Wu Jian Council.
  2636 | D:3      | You pick up a book of Winter and begin reading...
  2636 | D:3      | You add the spells Ozocubu's Armour, Metabolic Englaciation
                  | and Simulacrum to your library.
  2727 | D:3      | magus.rc [v1.9.6]
  2933 | D:4      | You add the spells Gell's Gravitas, Teleport Other and
                  | Dispersal to your library.
  2952 | D:4      | Reached XP level 7. HP: 61/61 MP: 6/6
  3481 | D:4      | Found a staircase to the Ecumenical Temple.
  3490 | Temple   | Entered the Ecumenical Temple
  3541 | Temple   | Became a worshipper of Warmaster Okawaru
  4042 | D:5      | Entered Level 5 of the Dungeon
  4094 | D:5      | Found a stormy altar of Qazlal.
  4108 | D:5      | Noticed Grinder
  4133 | D:5      | Paralysed by Grinder for 2 turns
  4139 | D:5      | Paralysed by Grinder for 3 turns
  4147 | D:5      | Paralysed by Grinder for 5 turns
  4157 | D:5      | Paralysed by Grinder for 5 turns
  4162 | D:5      | Killed Grinder
  4163 | D:5      | Reached skill level 6 in Fighting
  4163 | D:5      | Reached skill level 5 in Maces & Flails
  4251 | D:5      | Noticed Edmund
  4327 | D:4      | Killed Edmund
  4328 | D:4      | Reached skill level 6 in Armour
  4328 | D:4      | Reached skill level 6 in Shields
  4328 | D:4      | Reached XP level 8. HP: 57/70 MP: 7/7
  4387 | D:5      | Reached skill level 4 in Throwing
  4412 | D:5      | Reached * piety under Okawaru
  4740 | D:5      | Noticed Blork the orc
  4744 | D:5      | Killed Blork the orc
  4905 | D:6      | Reached skill level 6 in Maces & Flails
  4989 | D:6      | Reached skill level 7 in Fighting
  4989 | D:6      | Reached skill level 7 in Shields
  4998 | D:6      | Reached ** piety under Okawaru
  4999 | D:6      | Reached skill level 7 in Armour
  5048 | D:6      | Reached skill level 5 in Throwing
  5120 | D:6      | Found a sand-covered staircase.
  5138 | D:6      | Reached XP level 9. HP: 79/79 MP: 8/8
  5141 | Ossuary  | Entered an ossuary
  5274 | Ossuary  | Reached skill level 7 in Maces & Flails
  5344 | Ossuary  | Reached *** piety under Okawaru
  5365 | Ossuary  | Received a gift from Okawaru
  5529 | D:6      | Reached skill level 8 in Shields
  5549 | D:6      | Reached skill level 8 in Fighting
  5562 | D:6      | Noticed a gargoyle
  5566 | D:6      | Reached skill level 8 in Armour
  5577 | D:6      | Killed a gargoyle
  5578 | D:6      | Reached skill level 6 in Throwing
  5965 | D:6      | Identified the +0 leather armour "Iteobodu" {Rampage rElec}
  6002 | D:6      | Reached skill level 1 in Dodging
  6061 | D:7      | Reached skill level 1 in Invocations
  6128 | D:7      | Found a blossoming altar of Fedhas.
  6129 | D:7      | Found a shadowy altar of Dithmenos.
  6134 | D:7      | Found a shimmering altar of Xom.
  6135 | D:7      | Found a glowing golden altar of the Shining One.
  6137 | D:7      | Found a glowing silver altar of Zin.
  6335 | D:7      | Reached skill level 8 in Maces & Flails
  6362 | D:7      | Received a gift from Okawaru
  6363 | D:7      | Reached XP level 10. HP: 81/90 MP: 9/9
  6419 | D:7      | Found Axaifalujo's Overcharged Wands.
  6512 | D:7      | Reached skill level 2 in Dodging
  6588 | D:7      | Reached skill level 2 in Invocations
  7062 | D:8      | Identified the +1 cloak "Sesacvu" {rElec rC+ Dex+3}
  7081 | D:8      | Reached skill level 1 in Slings
  7185 | D:8      | Reached **** piety under Okawaru
  7186 | D:8      | Reached skill level 3 in Dodging
  7202 | D:8      | Reached skill level 9 in Shields
  7329 | D:8      | You pick up a book of Beasts and begin reading...
  7349 | D:8      | Reached skill level 9 in Armour
  7351 | D:8      | Reached skill level 9 in Fighting
  7511 | D:8      | Reached skill level 2 in Slings
  7782 | D:8      | Reached skill level 3 in Invocations
  7955 | D:9      | Found a shimmering blue altar of Sif Muna.
  8199 | D:9      | Noticed a five-headed hydra
  8227 | D:9      | Killed a five-headed hydra
  8228 | D:9      | Reached skill level 1 in Axes
  8278 | D:9      | magus.rc [v1.9.6]
  8447 | D:9      | Reached skill level 9 in Maces & Flails
  8476 | D:9      | Found a hide-covered altar of Uskayaw.
  8523 | D:9      | Found a sparkling altar of Nemelex Xobeh.
  8703 | D:9      | Reached ***** piety under Okawaru
  8850 | D:9      | Reached XP level 11. HP: 92/97 MP: 12/12
  9018 | D:9      | Reached skill level 2 in Axes
  9018 | D:9      | Reached skill level 3 in Slings
  9018 | D:9      | Reached skill level 4 in Dodging
  9075 | D:10     | Entered Level 10 of the Dungeon
  9075 | D:10     | Found a staircase to the Lair.
  9293 | D:10     | You pick up a book of Decay and begin reading...
  9293 | D:10     | You add the spells Corpse Rot and Dispel Undead to your
                  | library.
  9382 | D:10     | Noticed Erolcha
  9408 | D:10     | Killed Erolcha
  9408 | D:10     | Received a gift from Okawaru
  9409 | D:10     | Reached skill level 4 in Invocations
  9469 | D:10     | Found a snail-covered altar of Cheibriados.
  9506 | D:10     | Identified the +9 spear of Riduewae {vorpal, Int+3}
  9528 | D:10     | Reached skill level 3 in Axes
  9528 | D:10     | Noticed Grum
  9539 | D:10     | Killed Grum
  9729 | D:11     | Noticed Sonja
  9745 | D:11     | Killed Sonja
  9816 | D:11     | Reached skill level 4 in Slings
  9816 | D:11     | Reached skill level 10 in Armour
  9851 | D:11     | Reached skill level 10 in Shields
 10028 | D:11     | You pick up a book of the Moon and begin reading...
 10028 | D:11     | You add the spells Passage of Golubria, Silence and
                  | Lehudib's Crystal Spear to your library.
 10177 | D:11     | Reached skill level 10 in Fighting
 10177 | D:11     | Reached skill level 5 in Dodging
 10265 | D:11     | Reached skill level 4 in Axes
 10269 | D:11     | Reached ****** piety under Okawaru
 10303 | D:11     | Received a gift from Okawaru
 10778 | D:12     | Found a staircase to the Orcish Mines.
 10939 | D:12     | Noticed a cyan ugly thing
 10952 | D:12     | Killed a cyan ugly thing
 10953 | D:12     | Reached skill level 10 in Maces & Flails
 10953 | D:12     | Reached skill level 5 in Invocations
 10969 | D:12     | Noticed a seven-headed hydra
 10978 | D:12     | Killed a seven-headed hydra
 10979 | D:12     | Reached skill level 5 in Slings
 10979 | D:12     | Reached XP level 12. HP: 106/106 MP: 14/14
 11036 | D:12     | You pick up a book of Geomancy and begin reading...
 11036 | D:12     | You add the spells Sandblast, Passwall and Stone Arrow to
                  | your library.
 11066 | D:12     | You pick up a book of Displacement and begin reading...
 11247 | D:12     | Noticed a boulder beetle
 11303 | D:12     | Killed a boulder beetle
 11393 | D:12     | HP: 1/107 [very large slime creature (55)]
 11404 | D:12     | HP: 26/107 [something (1)]
 11490 | D:12     | Reached skill level 5 in Axes
 11829 | D:12     | magus.rc [v1.9.6]
 11871 | D:13     | Noticed a catoblepas
 11885 | D:13     | Killed a catoblepas
 12125 | D:13     | Received a gift from Okawaru
 12126 | D:13     | Reached skill level 6 in Dodging
 12176 | D:13     | Noticed a catoblepas
 12191 | D:13     | Noticed a two-headed ogre
 12197 | D:13     | Noticed a two-headed ogre
 12236 | D:13     | Killed a two-headed ogre
 12253 | D:13     | Killed a catoblepas
 12253 | D:13     | Received a gift from Okawaru
 12337 | D:13     | Noticed a centaur warrior
 12344 | D:13     | Killed a centaur warrior
 12345 | D:13     | Reached skill level 11 in Armour
 12558 | D:13     | Killed a two-headed ogre
 12559 | D:13     | Reached skill level 6 in Slings
 12559 | D:13     | Reached skill level 11 in Shields
 12784 | D:13     | Found a gate to the Vaults.
 12829 | D:14     | Reached skill level 6 in Axes
 12829 | D:14     | Reached skill level 6 in Invocations
 12862 | D:14     | Found a blossoming altar of Fedhas.
 12867 | D:14     | Found a gate leading to a gauntlet.
 12899 | Gauntlet | Entered a Gauntlet
 12899 | Gauntlet | Found a transporter.
 12899 | Gauntlet | Found a transporter.
 12903 | Gauntlet | Found a transporter.
 12913 | Gauntlet | Found a transporter.
 12922 | Gauntlet | Noticed a catoblepas
 12923 | Gauntlet | Found a transporter.
 12923 | Gauntlet | Found a transporter.
 12926 | Gauntlet | Found a transporter.
 12959 | Gauntlet | Found a transporter.
 12975 | Gauntlet | Found a transporter.
 12996 | Gauntlet | Found a transporter.
 13018 | Gauntlet | Found a transporter.
 13034 | Gauntlet | Found a transporter.
 13055 | Gauntlet | Found a transporter.
 13066 | Gauntlet | Found a transporter.
 13155 | Gauntlet | Found a transporter.
 13157 | Gauntlet | Noticed a catoblepas
 13172 | Gauntlet | Found a transporter.
 13450 | Gauntlet | Reached skill level 11 in Fighting
 13455 | Gauntlet | Killed a catoblepas
 13505 | Gauntlet | You pick up a book of Dreams and begin reading...
 13505 | Gauntlet | You add the spells Ensorcelled Hibernation, Spider Form and
                  | Anguish to your library.
 13575 | Gauntlet | Identified the amulet "Xoblua" {+Inv rPois rC+++ Will-
                  | Regen+}
 13629 | Gauntlet | Noticed a minotaur
 13652 | Gauntlet | HP: 21/110 [minotaur (12)]
 13653 | Gauntlet | Killed a minotaur
 13654 | Gauntlet | Reached XP level 13. HP: 22/116 MP: 14/16
 14062 | D:14     | Reached skill level 11 in Maces & Flails
 14193 | D:14     | Reached skill level 7 in Dodging
 14267 | D:14     | Received a gift from Okawaru
 14479 | D:14     | Identified the +1 plate armour "Tetwett" {rPois Str+3
                  | Slay+3} (Okawaru gifted it to you on level 14 of the
                  | Dungeon)
 14479 | D:14     | Received a gift from Okawaru
 14917 | D:15     | Entered Level 15 of the Dungeon
 14975 | D:15     | Reached skill level 7 in Axes
 15076 | D:15     | You pick up a book of Rime and begin reading...
 15076 | D:15     | You add the spells Frozen Ramparts and Ice Form to your
                  | library.
 15183 | D:15     | Reached skill level 7 in Slings
 15244 | D:15     | Paralysed by something for 4 turns
 15257 | D:15     | Reached skill level 7 in Invocations
 15304 | D:15     | Found a staircase to the Depths.
 15404 | D:15     | Reached skill level 12 in Armour
 15578 | D:15     | Reached skill level 12 in Shields
 15597 | D:15     | Reached skill level 8 in Dodging
 15655 | D:15     | You pick up a book of the Warp and begin reading...
 15697 | D:15     | You pick up a book of the Earth and begin reading...
 15697 | D:15     | You add the spells Leda's Liquefaction, Lee's Rapid
                  | Deconstruction and Statue Form to your library.
 15732 | D:15     | Noticed Louise
 15746 | D:15     | You are cast into the Abyss!
 15746 | D:15     | Cast into level 3 of the Abyss (Louise)
 15824 | Abyss:3  | Noticed a tentacled starspawn
 15847 | Abyss:3  | Noticed a tentacled starspawn
 15855 | Abyss:3  | Noticed a starcursed mass
 16103 | Abyss:3  | Noticed a purple very ugly thing
 16108 | Abyss:3  | Noticed a purple very ugly thing
 16108 | Abyss:3  | Noticed a purple very ugly thing
 16118 | Abyss:3  | Noticed a purple draconian
 16137 | Abyss:3  | Killed a purple very ugly thing
 16197 | Abyss:4  | Noticed a lich
 16212 | Abyss:4  | Noticed a tentacled starspawn
 16227 | Abyss:4  | Killed a lich
 16238 | Abyss:4  | Noticed a balrug
 16242 | Abyss:4  | HP: 21/112 [sun demon[a balrug] (11)]
 16242 | Abyss:4  | HP: 7/112 [sun demon[a balrug] (14)]
 16242 | Abyss:4  | Mangled by a sun demon

Vanquished Creatures
  A lich (Abyss:4)
  A very ugly thing (Abyss:3)
  A minotaur (Gauntlet)
  A boulder beetle (D:12)
  Erolcha (D:10)
  An ogre mage (D:15)
  3 hydras
  3 catoblepae
  A centaur warrior (D:13)
  4 two-headed ogres
  2 tengu warriors
  A vampire mage (D:15)
  Sonja (D:11)
  A wretched star (Abyss:3)
  A death drake (Gauntlet)
  2 skeletal warriors (D:15)
  A wizard (D:15)
  A necromancer (D:15)
  A wolf spider zombie (Gauntlet)
  A fire giant zombie (D:15)
  A deep elf zephyrmancer (D:13)
  A deep elf pyromancer (D:15)
  5 ugly things
  A wolf spider (D:14)
  A salamander (shapeshifter) (D:14)
  4 cyclopes
  A fire giant skeleton (D:15)
  A molten gargoyle (Gauntlet)
  A minotaur zombie (Gauntlet)
  3 gargoyles
  A komodo dragon (D:11)
  2 unseen horrors
  3 tengu conjurers (D:14)
  An efreet (D:15)
  2 hornets
  3 trolls
  3 meliai (D:15)
  Grinder (D:5)
  14 slime creatures
  A blink frog (Abyss:3)
  A meliai zombie (D:10)
  3 raiju (Abyss:3)
  Sigmund (D:2)
  A spriggan skeleton (D:15)
  4 vampires
  3 shadows
  An ettin skeleton (D:15)
  19 yaks
  2 fire bats (Abyss:3)
  Grum (D:10)
  Edmund (D:4)
  A large abomination (Gauntlet)
  An acid dragon (D:13)
  A water moccasin (D:6)
  A spectral hornet (Gauntlet)
  6 orc warriors
  A sky beast (D:5)
  2 necrophages
  7 small abominations
  7 ogres
  4 wolves (D:10)
  7 centaurs
  Blork the orc (D:5)
  2 kobold brigands
  5 bullfrogs
  An elf zombie (D:6)
  2 gnoll sergeants (D:8)
  2 elf skeletons (D:6)
  8 scorpions (Ossuary)
  A wyvern zombie (D:6)
  A wyvern skeleton (D:7)
  9 killer bees
  An electric eel (D:7)
  4 wights (D:6)
  3 howler monkeys
  A crimson imp (Abyss:3)
  A bullfrog zombie (D:6)
  2 hounds
  An iron imp (Abyss:3)
  A bullfrog skeleton (D:5)
  5 human zombies (Ossuary)
  10 orc priests
  6 centaur zombies
  2 centaur skeletons (D:7)
  A gnoll shaman (D:9)
  2 iguanas
  Natasha (thrice) (D:2)
  A human skeleton (D:6)
  7 scorpion zombies (Ossuary)
  11 orc wizards
  3 mummies (Ossuary)
  2 howler monkey zombies
  18 gnolls
  6 adders
  A howler monkey skeleton (D:7)
  A shadow imp (D:6)
  A white imp (Abyss:3)
  4 worms
  3 dart slugs
  53 orcs
  6 endoplasms
  4 giant cockroaches
  6 goblins
  9 hobgoblins
  4 jackals (D:2)
  4 quokkas
  8 ball pythons
  5 bats
  6 frilled lizards
  2 goblin zombies (Ossuary)
  3 hobgoblin zombies (Ossuary)
  19 kobolds
  An orc skeleton (D:6)
  3 orc zombies
  8 rats
428 creatures vanquished.

Vanquished Creatures (others)
  4 foxfires (Abyss:3)
  A fungus (Gauntlet)
  66 plants
  5 starspawn tentacles
  A withered plant (D:15)
77 creatures vanquished.

Grand Total: 505 creatures vanquished

Table legend:
 A = Non-vault XP
 B = Vault XP
 C = Vault XP percentage of total XP
 D = Non-vault monster count
 E = Vault monster count
 F = Vault count percentage of total count
                 A         B        C        D         E       F
            +---------+---------+-------+---------+---------+-------
      Total |   41343 |   17974 |  30.3 |     311 |     117 |  27.3
            +---------+---------+-------+---------+---------+-------
        D:1 |      32 |       0 |   0.0 |      21 |       0 |   0.0
        D:2 |     132 |     267 |  66.9 |      27 |       2 |   6.9
        D:3 |     191 |      79 |  29.3 |      25 |      13 |  34.2
        D:4 |     299 |     169 |  36.1 |      14 |       1 |   6.7
        D:5 |     397 |     358 |  47.4 |       7 |       2 |  22.2
        D:6 |    1669 |     289 |  14.8 |      21 |       6 |  22.2
        D:7 |    1640 |       0 |   0.0 |      23 |       0 |   0.0
        D:8 |    2058 |       0 |   0.0 |      39 |       0 |   0.0
        D:9 |    3035 |      36 |   1.2 |      31 |       1 |   3.1
       D:10 |    1256 |    2032 |  61.8 |       9 |      33 |  78.6
       D:11 |    4419 |     776 |  14.9 |      17 |       1 |   5.6
       D:12 |    5092 |       0 |   0.0 |      19 |       0 |   0.0
       D:13 |    4460 |    2451 |  35.5 |      11 |       4 |  26.7
       D:14 |    6848 |       0 |   0.0 |      12 |       0 |   0.0
       D:15 |    9815 |    4463 |  31.3 |      22 |       8 |  26.7
    Abyss:3 |       0 |       0 |   N/A |      12 |       0 |   0.0
    Abyss:4 |       0 |       0 |   N/A |       1 |       0 |   0.0
    Ossuary |       0 |    1183 | 100.0 |       0 |      30 | 100.0
   Gauntlet |       0 |    5871 | 100.0 |       0 |      16 | 100.0
            +---------+---------+-------+---------+---------+-------

Illustrated notes

Table legend:
 A = Kills in this place as a percentage of kills in entire the game.
 B = Kills by you in this place as a percentage of kills by you in the entire game.
 C = Kills by friends in this place as a percentage of kills by friends in the entire game.
 D = Other kills in this place as a percentage of other kills in the entire game.
 E = Experience gained in this place as a percentage of experience gained in the entire game.
 F = Experience gained in this place divided by the number of levels of this place that you have seen.
                   A       B       C       D       E      F
               +-------+-------+-------+-------+-------+----------------------
         Total | 100.0 | 100.0 |   N/A |   N/A | 100.0 | 2965.9
       Dungeon |  86.2 |  86.2 |   N/A |   N/A |  88.1 | 3484.2
         Abyss |   3.0 |   3.0 |   N/A |   N/A |   0.0 |   0.0
       Ossuary |   7.0 |   7.0 |   N/A |   N/A |   2.0 | 1183.0
      Gauntlet |   3.7 |   3.7 |   N/A |   N/A |   9.9 | 5871.0
               +-------+-------+-------+-------+-------+----------------------

Table legend: (Time is in decaauts)
 A = Elapsed time spent in this place.
 B = Non-inter-level travel time spent in this place.
 C = Inter-level travel time spent in this place.
 D = Time resting spent in this place.
 E = Time spent auto-exploring this place.
 F = Levels seen in this place.
 G = Mean time per level.
                   A        B        C        D        E       F      G
               +--------+--------+--------+--------+--------+-----+--------+
         Total |  16112 |  15477 |    635 |   2452 |   8667 |  20 |  805.6 |
       Dungeon |  14057 |  13446 |    611 |   2027 |   8141 |  15 |  937.1 |
        Temple |    135 |    111 |     24 |      0 |     98 |   1 |  135.0 |
         Abyss |    491 |    491 |      0 |     94 |      0 |   2 |  245.5 |
       Ossuary |    381 |    381 |      0 |      9 |    109 |   1 |  381.0 |
      Gauntlet |   1047 |   1047 |      0 |    322 |    319 |   1 | 1047.0 |
               +--------+--------+--------+--------+--------+-----+--------+

Top non-repeatable levels by time:
     D:9: 1221 daAuts
    D:12: 1129 daAuts
     D:3: 1064 daAuts
     D:4: 1053 daAuts
Gauntlet: 1047 daAuts
     D:1: 1009 daAuts
    D:11: 1004 daAuts
     D:2: 971 daAuts
     D:8: 966 daAuts
    D:14: 935 daAuts
    D:13: 925 daAuts
     D:7: 849 daAuts
     D:6: 822 daAuts
    D:15: 761 daAuts
     D:5: 739 daAuts
